 Dungeon Crawl Stone Soup version 0.27-a0-1232-gc6a4cbde82 (webtiles) character file.

Game seed: 10893392930442967783

67 mordus the Ruffian (level 3, -2/36 HPs)
             Began as a Troll Monk on June 8, 2021.
             Slain by Sigmund
             ... wielding a +0 scythe
              (7 damage)
             ... on level 2 of the Dungeon.
             The game lasted 00:01:14 (1381 turns).

mordus the Ruffian (Troll Monk)                     Turns: 1381, Time: 00:01:15

Health: -2/36      AC:  4    Str: 19    XL:     3   Next: 98%
Magic:  2/2        EV: 10    Int:  6    God:
Gold:   56         SH:  0    Dex: 13    Spells: 2/2 levels left

rFire    . . .     SeeInvis .     - Unarmed
rCold    . . .     Faith    .   (no shield)
rNeg     . . .     Spirit   .   a - +0 robe
rPois    .         Reflect  .   (helmet restricted)
rElec    .         Harm     .   (no cloak)
rCorr    .         Rampage  .   (gloves unavailable)
Will     .....                  (boots unavailable)
Stlth    ++........             (no amulet)
HPRegen  1.12/turn              (no ring)
MPRegen  0.08/turn              (no ring)

@: no status effects
A: large, unfitting armour, claws 3, regeneration 1, shaggy fur 1, tough skin 1
a: no special abilities


You were on level 2 of the Dungeon.
You visited 1 branch of the dungeon, and saw 2 of its levels.

You collected 56 gold pieces.

Inventory:

Hand Weapons
 e - a +0 club
Armour
 a - a +0 robe (worn)
Scrolls
 c - a scroll of fog {unknown}
 d - 3 scrolls of acquirement {unknown}
 h - 2 scrolls of magic mapping {unknown}
 i - 3 scrolls of amnesia {unknown}
Potions
 b - a potion of ambrosia {unknown}
 f - 2 potions of lignification {unknown}
 g - a potion of curing {unknown}
 j - a potion of magic {unknown}
 k - a potion of brilliance {unknown}
 l - a potion of cancellation {unknown}


   Skills:
 + Level 2.8 Fighting
 + Level 0.8 Maces & Flails
 + Level 2.8 Dodging
 - Level 1.0 Stealth
 * Level 3.9 Unarmed Combat


You had 2 spell levels left.
You didn't know any spells.
Your spell library contained the following spells:

 Spells                   Type           Power      Damage    Failure   Level
 Bolt of Magma            Conj/Fire/Erth 0%         4d4       100%        5
 Iskenderun's Battlesphe  Conj           0%         2d6       100%        5
 Iron Shot                Conj/Erth      0%         9d1       100%        6
 Orb of Destruction       Conj           0%         N/A       100%        7
 Spellforged Servitor     Conj/Summ      0%         N/A       100%        7


Dungeon Overview and Level Annotations

Branches:
Dungeon (2/15)

Altars:

Annotations:
D:2 Sigmund


Innate Abilities, Weirdness & Mutations

You are too large for most types of armour.
You have claws for hands.
Your natural rate of healing is unusually fast.
You are covered in fur. (AC +1)
You have tough skin. (AC +1)


Message History

HP restored.
Found an escape hatch in the ceiling.
Found a robe.
No target in view!
l - a white potion No target in view!
Key pressed, stopping explore.
No target in view!
A worm comes into view.
A worm is nearby!
Sigmund the Dreaded comes into view.
He is wielding a +0 scythe.
There are monsters nearby!
There are monsters nearby!
You claw the worm!
The worm is heavily wounded.
There are monsters nearby!
You claw the worm!
You kill the worm!
Sigmund is nearby!
Sigmund is nearby!
Sigmund shouts!
You hear an angry hiss.
Sigmund hits you from afar with a +0 scythe.
A bat comes into view.
Sigmund hits you with a +0 scythe.
You barely miss Sigmund. Sigmund hits you with a +0 scythe.
You barely miss Sigmund. The bat hits you but does no damage.
Sigmund hits you with a +0 scythe!
You closely miss Sigmund. You claw Sigmund.
Sigmund is moderately wounded.
The bat hits you but does no damage.
Sigmund casts a spell.
Sigmund flickers and vanishes!
Deactivating autopickup; reactivate with Ctrl-A.
You miss something. The bat hits you but does no damage. Something hits you!
* * * LOW HITPOINT WARNING * * *
You scratch something. The bat closely misses you. Something hits you.
* * * LOW HITPOINT WARNING * * *
You closely miss something. The bat hits you but does no damage.
You claw something! The bat closely misses you. Something hits you!
You die...

##.# #.#####........#
#.# #.# ###.###### #. #
# #.# #.# #.#. #.#
##.## .....
##.######...#####
....##...†...........#
...........###...###.##
..#.......###.## #.#.
#{@.##..# #.# #.#.
#...##....#.# #.#.
#..b........# #.#.
#..##.......# #.#. ....
........ #.#. .....
.......###.#. .##...
... #..... ....#
.....<..###. ..###. #.


You could see a bat.

Vanquished Creatures
  Terence (D:2)
  A worm (D:2)
  A dart slug (D:1)
  3 ball pythons (D:2)
  2 endoplasms
  A giant cockroach (D:2)
  8 goblins
  A hobgoblin (D:2)
  5 jackals (D:1)
  4 kobolds
  A bat (D:1)
  3 frilled lizards
  2 rats
33 creatures vanquished.

Notes
Turn   | Place    | Note
-------+----------+-------------------------------------------
     0 | D:1      | mordus the Troll Monk began the quest for the Orb.
     0 | D:1      | Reached XP level 1. HP: 22/22 MP: 0/0
   364 | D:1      | Reached XP level 2. HP: 29/29 MP: 1/1
  1100 | D:2      | Reached XP level 3. HP: 36/36 MP: 2/2
  1244 | D:2      | Found a faded altar of an unknown god.
  1246 | D:2      | Noticed Terence
  1256 | D:2      | Killed Terence
  1366 | D:2      | Noticed Sigmund
  1381 | D:2      | Slain by Sigmund

Illustrated notes

Levels and vault maps discovered:
D:1:      tarquinn_simple_flora_water_e, layout_basic, minivault_19,
          serial_bayou_pond_b, minmay_misc_feat_rows
D:2:      layout_loops_ring, chequers_ecumenical_altar_simple_redux,
          glass_columns_a, uniq_terence, uniq_sigmund, uniq_natasha

Action                   || total
-------------------------++-------
Melee: Unarmed           ||    94
       Punch             ||     1
 Stab: Sleeping          ||     4
Armor: Robe              ||    26
Dodge: Dodged            ||    38

Table legend: (Time is in decaauts)
 A = Elapsed time spent in this place.
 B = Non-inter-level travel time spent in this place.
 C = Inter-level travel time spent in this place.
 D = Time resting spent in this place.
 E = Time spent auto-exploring this place.
 F = Levels seen in this place.
 G = Mean time per level.
                   A        B        C        D        E       F      G
               +--------+--------+--------+--------+--------+-----+--------+
         Total |   1376 |   1328 |     48 |      0 |   1109 |   2 |  688.0 |
       Dungeon |   1376 |   1328 |     48 |      0 |   1109 |   2 |  688.0 |
               +--------+--------+--------+--------+--------+-----+--------+

Top non-repeatable levels by time:
     D:1: 1061 daAuts
     D:2: 314 daAuts
